[ PARTIDA AOE2 · #506166294 ]
UnrankedBohemios vs Poles
Equipo del jugador · DERR
Equipo rival · VICT
[ ANÁLISIS DE REPETICIÓN · EXTRAÍDO DE LA PARTIDA GRABADA ]
Feudal
11:06
Castillos
18:40
Imperial
—
| APM promedio | 41.5 |
| APM pico | 83 |
| eAPM promedio | 25.4 |
| Aldeanos / militares | 69 / 21 |
Foco
⚔️ 38.3% · 🌾 61.7%
Spearman ×7 · Hussite Wagon ×7 · Monk ×5 · Battering Ram ×2
Feudal
8:40
Castillos
21:08
Imperial
—
| APM promedio | 47.7 |
| APM pico | 87 |
| eAPM promedio | 25.5 |
| Aldeanos / militares | 95 / 21 |
Foco
⚔️ 35.3% · 🌾 64.7%
Scout Cavalry ×17 · Monk ×4
Mapa de la partida
Recursos iniciales + cada clic de construcción. Líneas = muros · curvas = relieve. ◆ oro · ⬟ piedra · ● bayas · ✦ reliquia · ◌ hueco del cierre
Tu base· ✓ Cerrada en 18:40 · 21t muro · 2 puerta(s)
Base de que estas haciendo gonorrea?· ✓ Cerrada en 21:08 · 27t muro · 2 puerta(s)
Terreno inicial suavizado · ◌ = hueco del cierre detectado · pasá el cursor para detalles
Inputs por minuto
— Corzak - - que estas haciendo gonorrea?
Build order — Corzak
Primeras 150 de 164 acciones detectadas
| 0:00 | Crear | Villager (Male) |
| 0:01 | Crear | Villager (Male) |
| 0:02 | Construir | House |
| 0:02 | Crear | Villager (Male) |
| 0:03 | Crear | Villager (Male) |
| 0:03 | Construir | House |
| 1:29 | Crear | Villager (Male) |
| 1:53 | Crear | Villager (Male) |
| 2:26 | Crear | Villager (Male) |
| 2:36 | Construir | Lumber Camp |
| 2:42 | Crear | Villager (Male) |
| 2:45 | Crear | Villager (Male) |
| 3:11 | Crear | Villager (Male) |
| 3:32 | Crear | Villager (Male) |
| 3:55 | Construir | House |
| 3:57 | Construir | House |
| 4:05 | Crear | Villager (Male) |
| 4:30 | Crear | Villager (Male) |
| 4:33 | Crear | Villager (Male) |
| 4:45 | Construir | Mill |
| 4:50 | Crear | Villager (Male) |
| 5:18 | Crear | Villager (Male) |
| 6:07 | Crear | Villager (Male) |
| 6:26 | Construir | Farm |
| 6:56 | Crear | Villager (Male) |
| 7:13 | Construir | Farm |
| 7:15 | Construir | Farm |
| 7:32 | Crear | Villager (Male) |
| 7:33 | Crear | Villager (Male) |
| 7:59 | Construir | Mining Camp |
| 8:15 | Crear | Villager (Male) |
| 8:25 | Crear | Villager (Male) |
| 8:31 | Investigar | Loom |
| 8:46 | Investigar | Feudal Age |
| 8:48 | Construir | Mining Camp |
| 9:05 | Construir | House |
| 9:17 | Construir | Palisade Wall |
| 9:20 | Construir | Palisade Wall |
| 9:38 | Crear | Villager (Male) |
| 9:56 | Construir | House |
| 10:03 | Construir | House |
| 10:11 | Construir | Palisade Wall |
| 11:02 | Crear | Villager (Male) |
| 11:06 | Edad | Edad Feudal |
| 11:07 | Construir | Watch Tower |
| 11:10 | Construir | Blacksmith |
| 11:11 | Crear | Villager (Male) |
| 11:16 | Investigar | Double-Bit Axe |
| 11:30 | Construir | House |
| 11:37 | Construir | House |
| 11:40 | Construir | Palisade Wall |
| 11:44 | Crear | Villager (Male) |
| 12:04 | Investigar | Fletching |
| 12:12 | Crear | Villager (Male) |
| 12:25 | Construir | Watch Tower |
| 12:40 | Crear | Villager (Male) |
| 12:52 | Crear | Villager (Male) |
| 12:57 | Construir | Market |
| 13:02 | Crear | Villager (Male) |
| 13:59 | Crear | Villager (Male) |
| 14:03 | Construir | House |
| 14:05 | Crear | Villager (Male) |
| 14:09 | Crear | Villager (Male) |
| 14:12 | Crear | Villager (Male) |
| 14:19 | Construir | Palisade Wall |
| 14:19 | Construir | Palisade Wall |
| 14:21 | Construir | Palisade Wall |
| 14:22 | Construir | Palisade Wall |
| 14:25 | Crear | Villager (Male) |
| 14:52 | Construir | Palisade Wall |
| 14:52 | Construir | Palisade Wall |
| 14:54 | Construir | Palisade Wall |
| 14:56 | Crear | Villager (Male) |
| 15:41 | Construir | Watch Tower |
| 16:00 | Investigar | Castle Age |
| 16:47 | Investigar | Horse Collar |
| 17:29 | Construir | Barracks |
| 17:34 | Crear | Villager (Male) |
| 17:39 | Construir | Outpost |
| 17:52 | Construir | Palisade Wall |
| 18:25 | Crear | Villager (Male) |
| 18:30 | Crear | Villager (Male) |
| 18:35 | Crear | Spearman |
| 18:40 | Edad | Edad de los Castillos |
| 18:46 | Crear | Villager (Male) |
| 18:52 | Crear | Villager (Male) |
| 19:00 | Crear | Villager (Male) |
| 19:47 | Construir | Castle |
| 20:24 | Construir | Lumber Camp |
| 21:04 | Construir | Mining Camp |
| 21:21 | Construir | Farm |
| 21:27 | Construir | House |
| 21:31 | Construir | House |
| 21:32 | Construir | House |
| 21:34 | Construir | House |
| 21:53 | Construir | Farm |
| 22:01 | Crear | Hussite Wagon |
| 22:02 | Crear | Hussite Wagon |
| 22:26 | Crear | Spearman |
| 22:26 | Crear | Spearman |
| 22:43 | Construir | Monastery |
| 23:21 | Crear | Hussite Wagon |
| 23:34 | Construir | Siege Workshop |
| 23:40 | Construir | House |
| 23:43 | Construir | Palisade Wall |
| 23:44 | Construir | Palisade Wall |
| 23:51 | Crear | Villager (Male) |
| 24:24 | Crear | Monk |
| 24:24 | Crear | Monk |
| 24:30 | Construir | Farm |
| 24:32 | Construir | Farm |
| 24:38 | Crear | Spearman |
| 24:47 | Crear | Hussite Wagon |
| 25:03 | Crear | Battering Ram |
| 25:07 | Construir | Palisade Wall |
| 25:09 | Construir | Palisade Wall |
| 25:11 | Construir | Palisade Wall |
| 25:14 | Construir | Palisade Wall |
| 25:20 | Crear | Villager (Male) |
| 25:24 | Crear | Monk |
| 25:39 | Crear | Monk |
| 25:56 | Crear | Villager (Male) |
| 26:23 | Crear | Villager (Male) |
| 26:53 | Crear | Villager (Male) |
| 27:04 | Construir | Farm |
| 27:16 | Crear | Villager (Male) |
| 27:28 | Construir | Farm |
| 27:31 | Crear | Villager (Male) |
| 27:36 | Crear | Hussite Wagon |
| 27:36 | Crear | Hussite Wagon |
| 27:44 | Construir | Farm |
| 27:55 | Crear | Spearman |
| 27:55 | Crear | Spearman |
| 28:22 | Crear | Villager (Male) |
| 28:22 | Crear | Villager (Male) |
| 28:27 | Construir | Farm |
| 28:37 | Crear | Battering Ram |
| 28:43 | Crear | Villager (Male) |
| 28:53 | Construir | Farm |
| 29:11 | Crear | Villager (Male) |
| 29:11 | Crear | Villager (Male) |
| 29:17 | Crear | Villager (Male) |
| 29:24 | Construir | Farm |
| 29:25 | Crear | Villager (Male) |
| 29:37 | Construir | Town Center |
| 29:40 | Crear | Villager (Male) |
| 29:52 | Investigar | Fervor |
| 29:55 | Crear | Villager (Male) |
| 29:55 | Crear | Villager (Male) |
| 30:01 | Crear | Monk |
Build order — que estas haciendo gonorrea?
Primeras 150 de 252 acciones detectadas
| 0:01 | Crear | Villager (Male) |
| 0:02 | Construir | House |
| 0:02 | Crear | Villager (Male) |
| 0:03 | Construir | House |
| 0:04 | Crear | Villager (Male) |
| 0:05 | Crear | Villager (Male) |
| 1:20 | Construir | Lumber Camp |
| 1:38 | Crear | Villager (Male) |
| 2:08 | Crear | Villager (Male) |
| 2:45 | Crear | Villager (Male) |
| 3:05 | Crear | Villager (Male) |
| 3:18 | Construir | Mill |
| 3:22 | Crear | Villager (Male) |
| 3:40 | Crear | Villager (Male) |
| 3:43 | Crear | Villager (Male) |
| 4:18 | Crear | Villager (Male) |
| 4:27 | Crear | Villager (Male) |
| 4:31 | Crear | Villager (Male) |
| 5:21 | Investigar | Loom |
| 6:16 | Investigar | Feudal Age |
| 6:27 | Construir | Mining Camp |
| 7:44 | Crear | Villager (Male) |
| 7:54 | Construir | House |
| 7:56 | Construir | Outpost |
| 8:14 | Crear | Villager (Male) |
| 8:40 | Edad | Edad Feudal |
| 8:42 | Construir | Watch Tower |
| 8:45 | Investigar | Double-Bit Axe |
| 8:46 | Investigar | Horse Collar |
| 9:00 | Construir | Farm |
| 9:21 | Construir | Farm |
| 9:21 | Crear | Villager (Male) |
| 9:40 | Construir | Farm |
| 9:40 | Crear | Villager (Male) |
| 9:52 | Crear | Villager (Male) |
| 10:06 | Construir | Farm |
| 10:10 | Investigar | Town Watch |
| 10:10 | Investigar | Town Watch |
| 10:37 | Crear | Villager (Male) |
| 10:39 | Construir | Farm |
| 10:40 | Crear | Villager (Male) |
| 11:06 | Construir | House |
| 11:07 | Construir | House |
| 11:15 | Crear | Villager (Male) |
| 11:16 | Crear | Villager (Male) |
| 11:20 | Construir | Farm |
| 11:37 | Crear | Villager (Male) |
| 11:40 | Construir | Farm |
| 11:53 | Crear | Villager (Male) |
| 12:02 | Construir | Watch Tower |
| 12:04 | Construir | Stone Wall |
| 12:05 | Construir | Stone Wall |
| 12:13 | Construir | Stone Wall |
| 12:14 | Construir | Stone Wall |
| 12:23 | Crear | Villager (Male) |
| 12:25 | Crear | Villager (Male) |
| 12:38 | Investigar | Wheelbarrow |
| 12:38 | Investigar | Wheelbarrow |
| 12:50 | Crear | Villager (Male) |
| 13:24 | Crear | Villager (Male) |
| 14:04 | Crear | Villager (Male) |
| 14:05 | Construir | Stone Wall |
| 14:06 | Construir | Stone Wall |
| 14:07 | Construir | Stone Wall |
| 14:08 | Construir | Stone Wall |
| 14:10 | Crear | Villager (Male) |
| 14:12 | Crear | Villager (Male) |
| 14:15 | Construir | Barracks |
| 14:20 | Construir | Outpost |
| 14:22 | Crear | Villager (Male) |
| 14:32 | Crear | Villager (Male) |
| 14:39 | Construir | Stone Wall |
| 14:43 | Construir | Stone Wall |
| 14:43 | Construir | Stone Wall |
| 14:47 | Construir | Stone Wall |
| 14:49 | Construir | Stone Wall |
| 14:49 | Construir | Outpost |
| 14:53 | Crear | Villager (Male) |
| 15:16 | Construir | Stable |
| 15:17 | Crear | Villager (Male) |
| 15:20 | Crear | Villager (Male) |
| 15:34 | Construir | Stone Wall |
| 15:35 | Construir | Stone Wall |
| 15:36 | Construir | Stone Wall |
| 15:51 | Construir | Stone Wall |
| 16:10 | Crear | Scout Cavalry |
| 16:10 | Crear | Scout Cavalry |
| 16:13 | Construir | Stable |
| 16:26 | Crear | Villager (Male) |
| 16:28 | Crear | Villager (Male) |
| 16:34 | Construir | Stone Wall |
| 16:34 | Construir | Stone Wall |
| 16:35 | Construir | Stone Wall |
| 16:39 | Crear | Villager (Male) |
| 16:39 | Crear | Villager (Male) |
| 16:45 | Crear | Scout Cavalry |
| 17:01 | Crear | Scout Cavalry |
| 17:02 | Crear | Villager (Male) |
| 17:04 | Construir | House |
| 17:06 | Construir | Blacksmith |
| 17:25 | Construir | Watch Tower |
| 17:27 | Construir | Watch Tower |
| 17:57 | Construir | Mill |
| 18:14 | Construir | Farm |
| 18:28 | Investigar | Castle Age |
| 18:38 | Construir | Watch Tower |
| 18:41 | Crear | Villager (Male) |
| 18:44 | Construir | Farm |
| 18:46 | Construir | Farm |
| 18:51 | Construir | Stone Wall |
| 18:52 | Construir | Stone Wall |
| 18:54 | Construir | Stone Wall |
| 18:56 | Construir | Stone Wall |
| 18:58 | Construir | Stone Wall |
| 19:00 | Construir | Stone Wall |
| 19:02 | Construir | Stone Wall |
| 19:14 | Crear | Scout Cavalry |
| 19:21 | Crear | Villager (Male) |
| 19:46 | Crear | Villager (Male) |
| 19:49 | Construir | Farm |
| 19:51 | Construir | House |
| 20:12 | Construir | Lumber Camp |
| 20:22 | Construir | Lumber Camp |
| 20:34 | Crear | Scout Cavalry |
| 20:34 | Crear | Scout Cavalry |
| 20:36 | Investigar | Scale Barding Armor |
| 20:42 | Construir | Outpost |
| 21:08 | Edad | Edad de los Castillos |
| 21:10 | Investigar | Light Cavalry (upgrade) |
| 21:11 | Investigar | Bow Saw |
| 21:14 | Crear | Villager (Male) |
| 21:36 | Construir | Outpost |
| 21:47 | Crear | Villager (Male) |
| 22:04 | Crear | Villager (Male) |
| 22:08 | Construir | Town Center |
| 22:10 | Investigar | Heavy Plow |
| 22:12 | Crear | Villager (Male) |
| 22:37 | Construir | House |
| 22:40 | Crear | Villager (Male) |
| 22:51 | Crear | Scout Cavalry |
| 22:51 | Crear | Scout Cavalry |
| 22:54 | Crear | Scout Cavalry |
| 23:05 | Crear | Villager (Male) |
| 23:08 | Construir | Monastery |
| 23:27 | Crear | Scout Cavalry |
| 23:53 | Crear | Villager (Male) |
| 23:55 | Construir | Town Center |
| 24:12 | Crear | Monk |
| 24:13 | Crear | Villager (Male) |
| 24:16 | Construir | Farm |
Cronología de la partida
| 8:40 | que estas haciendo gonorrea? · age_up feudal |
| 9:17 | Corzak · wall_segment Palisade Wall x1 |
| 9:20 | Corzak · wall_segment Palisade Wall x6 |
| 10:11 | Corzak · wall_segment Palisade Wall x3 |
| 11:06 | Corzak · age_up feudal |
| 11:40 | Corzak · wall_segment Palisade Wall x1 |
| 12:04 | que estas haciendo gonorrea? · wall_segment Stone Wall x1 |
| 12:05 | que estas haciendo gonorrea? · wall_segment Stone Wall x1 |
| 12:13 | que estas haciendo gonorrea? · wall_segment Stone Wall x1 |
| 12:14 | que estas haciendo gonorrea? · wall_segment Stone Wall x1 |
| 14:05 | que estas haciendo gonorrea? · wall_segment Stone Wall x1 |
| 14:06 | que estas haciendo gonorrea? · wall_segment Stone Wall x1 |
| 14:07 | que estas haciendo gonorrea? · wall_segment Stone Wall x1 |
| 14:08 | que estas haciendo gonorrea? · wall_segment Stone Wall x1 |
| 14:15 | que estas haciendo gonorrea? · first_building Barracks |
| 14:19 | Corzak · wall_segment Palisade Wall x1 |
| 14:19 | Corzak · wall_segment Palisade Wall x1 |
| 14:21 | Corzak · wall_segment Palisade Wall x1 |
| 14:22 | Corzak · wall_segment Palisade Wall x1 |
| 14:39 | que estas haciendo gonorrea? · wall_segment Stone Wall x1 |
| 14:43 | que estas haciendo gonorrea? · wall_segment Stone Wall x1 |
| 14:43 | que estas haciendo gonorrea? · wall_segment Stone Wall x1 |
| 14:47 | que estas haciendo gonorrea? · wall_segment Stone Wall x1 |
| 14:49 | que estas haciendo gonorrea? · wall_segment Stone Wall x1 |
| 14:52 | Corzak · wall_segment Palisade Wall x3 |
| 14:52 | Corzak · wall_segment Palisade Wall x1 |
| 14:54 | Corzak · wall_segment Palisade Wall x1 |
| 15:16 | que estas haciendo gonorrea? · first_building Stable |
| 15:34 | que estas haciendo gonorrea? · wall_segment Stone Wall x1 |
| 15:35 | que estas haciendo gonorrea? · wall_segment Stone Wall x1 |
| 15:36 | que estas haciendo gonorrea? · wall_segment Stone Wall x1 |
| 15:51 | que estas haciendo gonorrea? · wall_segment Stone Wall x1 |
| 16:34 | que estas haciendo gonorrea? · wall_segment Stone Wall x1 |
| 16:34 | que estas haciendo gonorrea? · wall_segment Stone Wall x1 |
| 16:35 | que estas haciendo gonorrea? · wall_segment Stone Wall x1 |
| 17:29 | Corzak · first_building Barracks |
| 17:52 | Corzak · wall_segment Palisade Wall x1 |
| 18:40 | Corzak · age_up castle |
| 18:51 | que estas haciendo gonorrea? · wall_segment Stone Wall x1 |
| 18:52 | que estas haciendo gonorrea? · wall_segment Stone Wall x1 |
| 18:54 | que estas haciendo gonorrea? · wall_segment Stone Wall x2 |
| 18:56 | que estas haciendo gonorrea? · wall_segment Stone Wall x1 |
| 18:58 | que estas haciendo gonorrea? · wall_segment Stone Wall x1 |
| 19:00 | que estas haciendo gonorrea? · wall_segment Stone Wall x1 |
| 19:02 | que estas haciendo gonorrea? · wall_segment Stone Wall x1 |
| 19:05 | Corzak · first_market_buy 100 stone |
| 19:47 | Corzak · first_building Castle |
| 21:08 | que estas haciendo gonorrea? · age_up castle |
| 22:43 | Corzak · first_building Monastery |
| 23:08 | que estas haciendo gonorrea? · first_building Monastery |
| 23:34 | Corzak · first_building Siege Workshop |
| 23:43 | Corzak · wall_segment Palisade Wall x1 |
| 23:44 | Corzak · wall_segment Palisade Wall x1 |
| 25:07 | Corzak · wall_segment Palisade Wall x1 |
| 25:09 | Corzak · wall_segment Palisade Wall x1 |
| 25:11 | Corzak · wall_segment Palisade Wall x1 |
| 25:14 | Corzak · wall_segment Palisade Wall x1 |
| 27:44 | que estas haciendo gonorrea? · wall_segment Stone Wall x8 |
| 29:06 | que estas haciendo gonorrea? · wall_segment Stone Wall x9 |
| 31:55 | Corzak · resign |
[ ANÁLISIS IA · 1 CRÉDITO ]
¿Qué pasó realmente en esta partida?
Wolo.gg analiza cada decisión: build order, eco, micro, errores típicos por bracket. Análisis personalizado por WhatsApp o Discord en 30 segundos.
Guía civ
Bohemios
Perfil
Jugador #5350024